 Dungeon Crawl Stone Soup version 0.29.1-1-gd02db6906a (webtiles) character file.

Game seed: 10053754390578759923

33 funnyparkerb the Magician (level 3, -2/28 HPs)
             Began as a Djinni Fire Elementalist on Sept 28, 2022.
             Slain by an orc
             ... wielding a +0 club
              (3 damage)
             ... on level 2 of the Dungeon.
             The game lasted 00:01:49 (1611 turns).

funnyparkerb the Magician (DjFE)                    Turns: 1611, Time: 00:01:50

Health: -2/28      AC:  4    Str:  7    XL:     3   Next: 47%
Gold:   57         EV: 12    Int: 18    God:
                   SH:  0    Dex: 19

rFire   + + +      SeeInvis .   c - +0 dagger
rCold   x . .      Faith    .   (no shield)
rNeg    . . .      Spirit   .   a - +0 robe
rPois   ∞          Reflect  .   (no helmet)
rElec   .          Harm     .   (no cloak)
rCorr   .          Rampage  .   (no gloves)
Will    .....                   (boots unavailable)
Stlth   ++........              (no amulet)
HPRegen 0.09/turn               b - ring of protection from fire
MPRegen 0.00/turn               h - +6 ring of dexterity

@: attractive, flying, very slightly contaminated
A: sickness immunity, fire resistance 2, cold vulnerability 1, float, innate
caster, HP casting, extra vitality 1, iridescent scales 1
a: no special abilities


You were on level 2 of the Dungeon.
You visited 1 branch of the dungeon, and saw 3 of its levels.

You collected 57 gold pieces.

Inventory:

Hand Weapons
 c - a +0 dagger (weapon)
Armour
 a - a +0 robe (worn)
Jewellery
 b - a ring of protection from fire (left hand)
 h - a +6 ring of dexterity (right hand)
Scrolls
 e - a scroll of teleportation {unknown}


   Skills:
 + Level 1.8 Fighting
 - Level 2.1 Dodging
 - Level 1.5 Stealth
 + Level 2.9 Spellcasting


You couldn't memorise any spells.
You knew the following spells:

 Your Spells              Type           Power      Damage    Failure   Level
a - Foxfire               Conj/Fire      52%        2x1d6     4%          1
b - Scorch                Fire           26%        2d6       8%          2
c - Conjure Flame         Conj/Fire      13%        6-21      14%         3
d - Inner Flame           Hex/Fire       13%        N/A       14%         3
e - Flame Wave            Conj/Fire      13%        2d6       43%         4
f - Shock                 Conj/Air       52%        1d6       4%          1
Your spell library was empty.

Dungeon Overview and Level Annotations

Branches:
Dungeon (3/15)

Altars:


Innate Abilities, Weirdness & Mutations

You are immune to sickness and miasma.
You are immune to poison.
Your flesh is very heat resistant. (rF++)
You are vulnerable to cold. (rC-)
You float through the air rather than walking.
You learn spells naturally, not from books.
Your magical power is your life essence.
You have superior vitality. (+4 MHP)
You are partially covered in iridescent scales. (AC +2)


Message History

You are very lightly contaminated with residual magic.
Nothing appears to happen.
* * * LOW HITPOINT WARNING * * *
The orc closely misses you. The orc barely misses you.
Casting: Scorch (safe; 8% risk of failure)
Confirm with . or Enter, or press ? or * to list all spells.
Flames lash the orc but do no damage.
* * * LOW HITPOINT WARNING * * *
The orc closely misses you. x2
Okay, then.
It was a potion of mutation.
You feel extremely strange.
Iridescent scales grow over part of your body.
The orc misses you. x2
It was a potion of attraction.
You feel attractive to monsters.
The orc is no longer more vulnerable to fire.
A worm comes into view.
The orc closely misses you. x2; The worm is attracted toward you.
It was a potion of curing.
You feel better. The orc closely misses you. The orc barely misses you.
The worm is attracted toward you.
Casting: Scorch (safe; 8% risk of failure)
Confirm with . or Enter, or press ? or * to list all spells.
Okay, then.
You are too injured to fight recklessly!
Casting: Scorch (safe; 8% risk of failure)
Confirm with . or Enter, or press ? or * to list all spells.
You don't know that spell.
Casting: Scorch (safe; 8% risk of failure)
Confirm with . or Enter, or press ? or * to list all spells.
You conjure some foxfire!
The orc hits you with a +0 club.
* * * LOW HITPOINT WARNING * * *
The orc hits you with a +1 morningstar of holy wrath!
* * * LOW HITPOINT WARNING * * *
The orc attacks as you move away! The orc barely misses you.
Found a spear.
The foxfire hits the orc.
The orc is heavily wounded.
The foxfire hits the orc.
The orc completely resists.
The orc is heavily wounded.
The orc hits you with a +0 club.
You die...

..## #.<#### .
#.....# )#.
#...#.# #...
#.<.#.# #....
#...#.#.....
#...o.#..####
#..#.>o..§..+
.....##@#.#####
#####....<.#
..........#
########..# #.#
.# ##


You could see 2 orcs.

Vanquished Creatures
  3 endoplasms (D:1)
  3 giant cockroaches (D:1)
  A goblin (D:1)
  5 hobgoblins (D:1)
  2 jackals (D:1)
  3 kobolds (D:1)
  A quokka (D:1)
  5 ball pythons (D:1)
  2 bats (D:1)
  A frilled lizard (D:1)
  2 rats (D:1)
28 creatures vanquished.

Vanquished Creatures (others)
  98 foxfires
98 creatures vanquished.

Grand Total: 126 creatures vanquished

Notes
Turn   | Place    | Note
-------+----------+-------------------------------------------
     0 | D:1      | funnyparkerb the Djinni Fire Elementalist began the quest
                  | for the Orb.
     0 | D:1      | funnyparkerb set off with the following spells memorised:
                  | Foxfire, Scorch, Conjure Flame, Inner Flame, Flame Wave.
     0 | D:1      | Reached XP level 1. HP: 15/15 MP: 0/0
   395 | D:1      | Reached skill level 1 in Fighting
   395 | D:1      | Reached XP level 2. HP: 20/22 MP: 0/0
   890 | D:1      | Reached XP level 3. HP: 25/27 MP: 0/0
   890 | D:1      | Learned a level 1 spell: Shock
  1607 | D:2      | Gained mutation: You are partially covered in iridescent
                  | scales. (AC +2) [potion of mutation]
  1610 | D:2      | HP: 1/28 [orc/+1 morningstar of holy wrath (7)]
  1611 | D:2      | Slain by an orc

Illustrated notes

Levels and vault maps discovered:
D:1:      dpeg_arrival_orchard, layout_loops_ring, grunt_decor_mini_mirrors,
          minmay_crystal_water, wad_floor_pattern_1, nrook_loot_triangle,
          dreamdust_princess_bridge
D:2:      minmay_general_purpose_star, layout_basic, uniq_sigmund
D:3:      layout_basic, mainiacjoe_overflow_catwalk,
          nicolae_overflow_two_pavilions, nicolae_overflow_crystal_walls

Skill      XL: |  1 |
---------------+----+-----
Fighting       | 1 |  1.8
Dodging        | |  2.1
Stealth        | |  1.5
Spellcasting   | |  2.9

Action                   || total
-------------------------++-------
Melee: Dagger            ||    10
 Cast: Foxfire           ||    61
       Scorch            ||     7
       Shock             ||     1
  Use: Potion            ||     3
Armor: Robe              ||     3
Dodge: Dodged            ||    23
